 Dungeon Crawl Stone Soup version 0.28-a0-1182-g381e24db82 (webtiles) character file.

Game seed: 3165964634535552093

14 Lavandula the Changer (level 2, 0/21 HPs)
             Began as a Formicid Transmuter on Dec 17, 2021.
             Slain by an adder (2 damage)
             ... on level 2 of the Dungeon.
             The game lasted 00:01:44 (1447 turns).

Lavandula the Changer (Formicid Transmuter)         Turns: 1447, Time: 00:01:45

Health: 0/21       AC:  2    Str: 14    XL:     2   Next: 55%
Magic:  0/5        EV: 12    Int: 12    God:
Gold:   34         SH:  0    Dex: 11    Spells: 0/5 levels left

rFire   . . .      SeeInvis +     - Unarmed
rCold   . . .      Faith    .   (no shield)
rNeg    . . .      Spirit   +   a - +0 robe
rPois   .          Reflect  .   (helmet unavailable)
rElec   .          Harm     .   (no cloak)
rCorr   .          Rampage  .   (no gloves)
Will    +....                   (boots currently unavailable)
Stlth   +.........              e - amulet of guardian spirit
HPRegen 0.07/turn               b - ring of willpower
MPRegen 0.09/turn               (no ring)

@: appendages, very slightly contaminated
A: talons 2, permanent stasis, dig shafts and tunnels, antennae 3, four strong
arms
a: Dig, Shaft Self, End Transformation


You were on level 2 of the Dungeon.
You had temporarily grown beastly talons.
You visited 1 branch of the dungeon, and saw 2 of its levels.

You collected 34 gold pieces.

Inventory:

Missiles
 d - 4 boomerangs
Armour
 a - a +0 robe (worn)
Jewellery
 b - a ring of willpower (left hand)
 e - an amulet of guardian spirit (around neck)
Scrolls
 c - a scroll of fear {unknown}
 f - 2 scrolls of fog {unknown}
 g - a scroll of teleportation {unknown}


   Skills:
 - Level 1.1 Fighting
 - Level 1.7 Dodging
 - Level 3.0 Unarmed Combat
 - Level 2.1 Spellcasting
 - Level 3.3 Transmutations
 + Level 0.1 Poison Magic


You couldn't memorise any spells.
You knew the following spells:

 Your Spells              Type           Power      Damage    Failure   Level
a - Beastly Appendage     Tmut           18%        N/A       7%          1
b - Wereblood             Tmut           9%         N/A       11%         2
c - Poisonous Vapours     Pois/Air       2%         N/A       36%         2

Your spell library contained the following spells:

 Spells                   Type           Power      Damage    Failure   Level
 Spider Form              Tmut/Pois      5%         N/A       36%         3
 Corpse Rot               Necr/Air       2%         N/A       38%         2
 Ice Form                 Ice/Tmut       5%         N/A       80%         4


Dungeon Overview and Level Annotations

Branches:
Dungeon (2/15)

Altars:


Innate Abilities, Weirdness & Mutations

You have temporarily grown beastly talons.
You cannot be hasted, slowed, berserked, paralysed or teleported.
You can dig through walls and to a lower floor.
You have a pair of large antennae on your head. (SInv)
Your four strong arms can wield two-handed weapons with a shield.


Message History

The adder bites you.
You hit the adder.
The adder is almost dead.
The adder bites you.
You hit the adder but do no damage.
The adder is almost dead.
The adder bites you.
You are too injured to fight recklessly!
You closely miss the adder.
The adder is almost dead.
The adder barely misses you.
You closely miss the adder.
The adder is almost dead.
The adder barely misses you.
Unknown command.
You barely miss the adder.
The adder is almost dead.
The adder misses you. The adder bites you.
You are poisoned.
The adder poisons you!
Unknown command.
You closely miss the adder.
The adder is almost dead.
You feel sick. The adder barely misses you.
Unknown command.
You closely miss the adder.
The adder is almost dead.
You feel sick. The adder closely misses you.
Unknown command.
You closely miss the adder. Your punch misses the adder.
The adder is almost dead.
You feel sick. The adder bites you.
* * * LOW HITPOINT WARNING * * *
Unknown command.
Casting: Poisonous Vapours (extremely dangerous; 36% risk of failure)
Confirm with . or Enter, or press ? or * to list all spells.
Your feet morph into talons.
You feel sick.
You are no longer poisoned.
The adder bites you.
You die...

# #.......#
# #######.#
# #)# # #.#
.. #.# ###
#.# #.# #.#
#@# #S..#
.....#
#......
.........
###.......#
###...###
....#


You could see an adder.

Vanquished Creatures
  A dart slug (D:1)
  A giant cockroach (D:1)
  2 hobgoblins (D:1)
  A kobold (D:1)
  A quokka (D:1)
  2 ball pythons (D:1)
  2 bats
  A frilled lizard (D:1)
11 creatures vanquished.

Notes
Turn   | Place    | Note
-------+----------+-------------------------------------------
     0 | D:1      | Lavandula the Formicid Transmuter began the quest for the
                  | Orb.
     0 | D:1      | Reached XP level 1. HP: 15/15 MP: 3/3
   563 | D:1      | Reached XP level 2. HP: 18/21 MP: 1/5
   812 | D:1      | Learned a level 2 spell: Wereblood
  1131 | D:1      | Learned a level 2 spell: Poisonous Vapours
  1447 | D:2      | Slain by an adder

Illustrated notes

Levels and vault maps discovered:
D:1:      lemuel_arrival_muddy, layout_loops_corners, serial_glass,
          glass_columns_a, glass_columns_a, glass_columns_b, glass_columns_c,
          glass_columns_b, glass_columns_b, glass_columns_c, glass_columns_b,
          glass_columns_a, glass_columns_b, item_on_display_a,
          minmay_strange_pillars, chequers_serial_rivers_room_a,
          grunt_decor_arrowhead
D:2:      kennysheep_big_flooded_room, layout_loops_ring

Skill      XL: |  1  2 |
---------------+-------+-----
Transmutations | 3 |  3.3
Fighting       | |  1.1
Dodging        | |  1.7
Unarmed Combat | |  3.0
Spellcasting   | |  2.1
Poison Magic   | |  0.1

Action                   || total
-------------------------++-------
Melee: Unarmed           ||    44
       Kick              ||     5
 Cast: Beastly Appendage ||    10
Armor: Robe              ||     8
Dodge: Dodged            ||    23

Table legend: (Time is in decaauts)
 A = Elapsed time spent in this place.
 B = Non-inter-level travel time spent in this place.
 C = Inter-level travel time spent in this place.
 D = Time resting spent in this place.
 E = Time spent auto-exploring this place.
 F = Levels seen in this place.
 G = Mean time per level.
                   A        B        C        D        E       F      G
               +--------+--------+--------+--------+--------+-----+--------+
         Total |   1447 |   1386 |     61 |      7 |   1212 |   2 |  723.5 |
       Dungeon |   1447 |   1386 |     61 |      7 |   1212 |   2 |  723.5 |
               +--------+--------+--------+--------+--------+-----+--------+

Top non-repeatable levels by time:
     D:1: 1194 daAuts
     D:2: 252 daAuts
